 Dungeon Crawl Stone Soup version 0.29.0-7-g18a832c13a (webtiles) character file.

Game seed: 131973950415540193

365 freelancePsychic the Sneak (level 6, -3/28 HPs)
             Began as a Felid Abyssal Knight on Aug 31, 2022.
             Was an Elder of Lugonu.
             Slain by an iguana (10 damage)
             ... on level 6 of the Dungeon.
             The game lasted 00:08:42 (7158 turns).

freelancePsychic the Sneak (Felid Abyssal Knight)   Turns: 7158, Time: 00:08:43

Health: -3/28      AC:  2    Str:  9    XL:     6   Next: 40%
Magic:  8/8        EV: 19    Int: 13    God:    Lugonu [****..]
Gold:   234        SH:  0    Dex: 17    Spells: 5/5 levels left
                                        Lives:  0   Deaths: 1

rFire   . . .      SeeInvis +     - Unarmed
rCold   . . .      Faith    .   (shield unavailable)
rNeg    . . .      Spirit   .   (body armour unavailable)
rPois   .          Reflect  .   (helmet unavailable)
rElec   .          Harm     .   (cloak unavailable)
rCorr   .          Rampage  .   (gloves unavailable)
Will    .....                   (boots unavailable)
Stlth   +++.......              (no amulet)
HPRegen 0.09/turn               (no ring)
MPRegen 0.11/turn               (no ring)

@: quick
A: very small, claws 1, fangs 3, see invisible, speed 1, shaggy fur 2, stealthy
paws, no weapons or thrown items, no armour, multi-lived
a: Renounce Religion, Depart the Abyss, Bend Space, Banish, Corrupt


You were on level 6 of the Dungeon.
You worshipped Lugonu.
Lugonu was greatly pleased with you.
You visited 1 branch of the dungeon, and saw 6 of its levels.
You visited the Abyss 1 time.

You collected 234 gold pieces.

Inventory:

Jewellery
 d - an amulet of faith
Wands
 a - a wand of flame (6)
 f - a wand of digging (3)
 i - a wand of paralysis (8)
Scrolls
 c - a scroll of fog
 e - a scroll of noise
 h - a scroll of identify {@r1}
Potions
 b - 4 potions of haste {@q3}
 g - a potion of curing {unknown}
 j - 2 potions of heal wounds {unknown}


   Skills:
 + Level 4.2 Fighting
 - Level 5.1 Dodging
 * Level 6.0 Stealth
 + Level 3.6 Unarmed Combat
 + Level 1.8 Invocations


You had 5 spell levels left.
You didn't know any spells.
Your spell library contained the following spells:

 Spells                   Type           Power      Damage    Failure   Level
 Foxfire                  Conj/Fire      0%         2x1d4     30%         1
 Sandblast                Erth           0%         2d4       30%         1
 Ensorcelled Hibernation  Hex/Ice        0%         N/A       43%         2
 Passwall                 Tmut/Erth      0%         N/A       43%         2
 Conjure Flame            Conj/Fire      0%         6-21      67%         3
 Inner Flame              Hex/Fire       0%         N/A       67%         3
 Stone Arrow              Conj/Erth      0%         3d7       67%         3
 Swiftness                Air            0%         N/A       67%         3
 Flame Wave               Conj/Fire      0%         2d4       97%         4


Dungeon Overview and Level Annotations

Branches:
Dungeon (6/15)
 Temple: D:4-7

Altars:
Elyvilon
Okawaru
Qazlal
Ru
Zin
The Shining One

Annotations:
D:3 1 runed translucent door, markstv's ghost, amateur MfIE
D:5 Pikel


Innate Abilities, Weirdness & Mutations

You have sharp claws.
You have razor-sharp teeth.
You have supernaturally acute eyesight. (SInv)
You cover ground quickly. (Speed+)
You are covered in thick fur. (AC +2)
Your paws help you pounce on unaware monsters.
You are incapable of wielding weapons or throwing items.
You cannot wear armour.
You gain extra lives every three experience levels.


Message History

An iguana comes into view.
An iguana is nearby!
You scratch the iguana.
The iguana is lightly wounded.
The iguana closely misses you.
You barely miss the iguana.
The iguana is lightly wounded.
The iguana barely misses you.
The centaur shouts!
You scratch the iguana but do no damage.
The iguana is lightly wounded.
The iguana closely misses you.
You scratch the iguana but do no damage.
The iguana is lightly wounded.
The iguana misses you.
You scratch the iguana.
The iguana is moderately wounded.
The iguana barely misses you.
You scratch the iguana.
The iguana is heavily wounded.
The iguana completely misses you.
You barely miss the iguana.
The iguana is heavily wounded.
The iguana closely misses you.
You barely miss the iguana.
The iguana is heavily wounded.
The iguana misses you.
You scratch the iguana but do no damage.
The iguana is heavily wounded.
The iguana bites you.
* * * LOW HITPOINT WARNING * * *
You scratch the iguana.
The iguana is severely wounded.
The iguana closely misses you.
You scratch the iguana. Your bite misses the iguana.
The iguana is severely wounded.
You barely miss the iguana. Your bite misses the iguana.
The iguana is severely wounded.
The iguana bites you!
You die...

############
#...........
#...........
#..#@#####.
#.<#l#
#..#c#
#..#.#
#c.#.#
#..#.#
#.....
#...!#
#..###


You could see a centaur and an iguana.

Vanquished Creatures
  A gnoll bouda (D:4)
  6 hounds
  2 iguanas (D:4)
  7 adders
  A worm (D:4)
  3 dart slugs
  6 orcs
  14 ball pythons
  8 endoplasms
  3 giant cockroaches
  7 goblins
  8 hobgoblins
  5 jackals
  A quokka (D:2)
  6 bats
  5 frilled lizards
  7 kobolds
  7 rats
97 creatures vanquished.

Vanquished Creatures (others)
  2 withered plants (D:3)
2 creatures vanquished.

Grand Total: 99 creatures vanquished

Notes
Turn   | Place    | Note
-------+----------+-------------------------------------------
     0 | Abyss:1  | freelancePsychic the Felid Abyssal Knight began the quest
                  | for the Orb.
     0 | Abyss:1  | Reached XP level 1. HP: 10/10 MP: 3/3
     1 | D:1      | Escaped the Abyss
    85 | D:1      | Reached skill level 1 in Stealth
   108 | D:1      | Reached XP level 2. HP: 14/14 MP: 4/4
   234 | D:1      | Reached skill level 2 in Stealth
   743 | D:1      | Reached *** piety under Lugonu
   761 | D:1      | Reached XP level 3. HP: 13/17 MP: 5/5
  1640 | D:2      | Found a faded altar of an unknown god.
  1991 | D:2      | Reached skill level 3 in Stealth
  2253 | D:2      | Reached XP level 4. HP: 17/21 MP: 6/6
  2386 | D:3      | Found a white marble altar of Elyvilon.
  2386 | D:3      | Found a glowing silver altar of Zin.
  2446 | D:3      | Found a glowing golden altar of the Shining One.
  2729 | D:3      | Identified the +12 dagger of Gallantry {flame, rPois}
  3807 | D:3      | Found a sacrificial altar of Ru.
  4300 | D:3      | Found a runed translucent door.
  4301 | D:3      | Noticed markstv's ghost (amateur MfIE)
  4311 | D:3      | Found an iron altar of Okawaru.
  4819 | D:4      | Slain by an adder
  4820 | D:4      | Reached XP level 3. HP: 0/17 MP: 5/5
  4865 | D:4      | Found a stormy altar of Qazlal.
  4893 | D:4      | Reached skill level 4 in Stealth
  4893 | D:4      | Reached XP level 4. HP: 7/22 MP: 6/6
  5953 | D:4      | Reached XP level 5. HP: 17/25 MP: 7/7
  6193 | D:4      | HP: 1/25 [iguana (10)]
  6546 | D:4      | Identified the +1 leather armour of Sin {rF+ Int+4 Slay+3
                  | Stlth+}
  6609 | D:4      | Reached skill level 5 in Stealth
  6679 | D:4      | Identified the +5 sling of Res Nullius {vorpal, rElec rC+
                  | Stlth+}
  6864 | D:4      | Reached **** piety under Lugonu
  6901 | D:5      | Entered Level 5 of the Dungeon
  6956 | D:5      | Reached skill level 5 in Dodging
  6956 | D:5      | Gained mutation: You are covered in thick fur. (AC +2)
                  | [Felid growth]
  6956 | D:5      | Reached XP level 6. HP: 28/28 MP: 8/8
  7095 | D:5      | Noticed Pikel
  7137 | D:6      | Reached skill level 6 in Stealth
  7158 | D:6      | Slain by an iguana

Illustrated notes

Levels and vault maps discovered:
D:1:      mainiacjoe_arrival_reflecting_pool, layout_loops_ring
D:2:      layout_loops_ring, basic_ecumenical_altar, minmay_pentomino_pile
D:3:      layout_basic, dreamdust_divine_triumvirate,
          mainiacjoe_overflow_alcove_2, nicolae_ru_awakened_eye,
          gammafunk_ghost_grave, fountainhead
D:4:      minmay_angry_zag, layout_cave_pods, overflow_temple_1_default
D:5:      layout_rooms, uniq_pikel
D:6:      layout_loops_ring, grunt_decor_arrowhead, amethyst_killhole,
          minmay_misc_feat_five, uniq_menkaure

Skill      XL: |  1  2  3  4  5  6 |
---------------+-------------------+-----
Stealth        | 1 2 4 5 6 |  6.0
Dodging        | 4 5 |  5.1
Unarmed Combat | 3 |  3.6
Fighting       | 4 |  4.2
Invocations    | |  1.8

Action                   |  1- 3 |  4- 6 || total
-------------------------+-------+-------++-------
Melee: Unarmed           |   145 |   227 ||   372
       Bite              |    11 |    30 ||    41
       Punch             |     3 |     3 ||     6
Invok: Bend Space        |     1 |     1 ||     2
  Use: Scroll            |       |     4 ||     4
 Stab: Sleeping          |     9 |     8 ||    17
       Distracted        |       |     4 ||     4
Armor: Skin              |     7 |     3 ||    10
Dodge: Dodged            |   102 |   201 ||   303
